 Dungeon Crawl Stone Soup version 0.30-a0-292-g0f741e3f8e (webtiles) character file.

Game seed: 10316854977567594594

173675 pokeman the Sorcerer (level 17, -5/97 HPs)
             Began as a Deep Elf Hedge Wizard on Oct 17, 2022.
             Was the Champion of Vehumet.
             Slain by a faun
             ... wielding a +0 quarterstaff
             ... led by a satyr
              (33 damage)
             ... on level 4 of the Shoals.
             The game lasted 01:58:27 (36182 turns).

pokeman the Sorcerer (Deep Elf Hedge Wizard)       Turns: 36182, Time: 01:58:28

Health: -5/97      AC: 14    Str:  5    XL:     17   Next: 43%
Magic:  34/48      EV: 11    Int: 33    God:    Vehumet [******]
Gold:   4350       SH:  8    Dex: 14    Spells: 28/67 levels left

rFire   + + +      SeeInvis .    m - staff of conjuration
rCold   + . .      Faith    .    g - +3 warlock's mirror {reflect}
rNeg    + . .      Spirit   .    f - +1 leather armour {rC+ rF+}
rPois   .          Reflect  +    R - +1 hat {Stlth+}
rElec   .          Harm     .    v - scarf {rC+ rF+}
rCorr   +          Rampage  .    I - +1 pair of gloves "Etaoska" {rCorr Str-4 Int+5}
Will    .....                    N - +0 pair of boots
Stlth   ++........               x - amulet of the Sufficient God {RegenMP Contam rN+ Str+2 Slay+3}
HPRegen 0.36/turn                U - +4 ring of protection
MPRegen 0.71/turn                w - ring of fire

@: weak-willed, afraid, studying Armour, very slow
A: no striking features
a: Renounce Religion


You were on level 4 of the Shoals.
You worshipped Vehumet.
Vehumet was exalted by your worship.
You visited 5 branches of the dungeon, and saw 27 of its levels.
You also visited: Sewer, Bailey and Ice Cave.

You collected 5256 gold pieces.
You spent 906 gold pieces at shops.

Inventory:

Hand Weapons
 y - a +5 longbow of freezing
 D - the +8 war axe "Funor" {vorpal, rF- Str+6 Stlth+}
   (You found it on level 11 of the Dungeon)

   It inflicts extra damage upon your enemies.
   Str:       It affects your strength (+6).
   rF:        It makes you vulnerable to fire.
   Stlth:     It makes you more stealthy.
Missiles
 z - 2 throwing nets
Armour
 f - a +1 leather armour of resistance (worn)
 g - the +3 warlock's mirror (worn) {reflect}
   (You acquired it in the Ecumenical Temple)

   It can block and reflect piercing ranged attacks and magical attacks against
   the wielder's willpower.
 r - a +1 pair of gloves
 v - a scarf of resistance (worn)
 I - the +1 pair of gloves "Etaoska" (worn) {rCorr Str-4 Int+5}
   (You took it off Nikola on level 3 of the Shoals)

   Str:       It affects your strength (-4).
   Int:       It affects your intelligence (+5).
   rCorr:     It protects you from acid and corrosion.
 N - a +0 pair of boots (worn)
 R - a +1 hat of stealth (worn)
Magical Staves
 m - a staff of conjuration (weapon)
 A - a staff of fire
Jewellery
 l - a ring of poison resistance
 w - a ring of fire (right hand)
 x - the amulet of the Sufficient God (around neck) {RegenMP Contam rN+ Str+2 Slay+3}
   (You bought it in a shop on level 10 of the Dungeon)

   [amulet of magic regeneration]

   It increases your rate of magic regeneration.
   Str:       It affects your strength (+2).
   Slay:      It affects your accuracy & damage with ranged weapons and melee
   (+3).
   rN:        It protects you from negative energy.
   Contam:    It causes magical contamination when unequipped.
 C - a ring of protection from fire
 F - a ring of protection from fire
 U - a +4 ring of protection (left hand)
Wands
 a - a wand of polymorph (19)
 c - a wand of acid (5)
 n - a wand of paralysis (16)
 p - a wand of digging (16)
Scrolls
 b - 2 scrolls of magic mapping
 h - 10 scrolls of teleportation
 q - 7 scrolls of identify
 s - a scroll of summoning
 u - 2 scrolls of enchant weapon
 E - 6 scrolls of blinking
Potions
 d - 5 potions of magic
 e - 5 potions of heal wounds
 i - 13 potions of curing
 j - a potion of haste
 k - a potion of might
 B - a potion of cancellation {unknown}
 G - a potion of flight
Miscellaneous
 o - a condenser vane
 t - a tin of tremorstones (2/2)
 H - a box of beasts
 Z - a lightning rod (4/4)


   Skills:
 + Level 7.6 Fighting
 - Level 9.0 Armour
 - Level 3.0 Dodging
 - Level 3.0 Stealth
 - Level 5.0 Shields
 * Level 25.6 Spellcasting
 + Level 15.9 Conjurations
 + Level 6.3 Summonings
 - Level 9.0 Necromancy
 - Level 1.1 Translocations
 - Level 12.0 Fire Magic
 - Level 1.0 Ice Magic
 - Level 1.1 Air Magic
 - Level 1.0 Earth Magic
 - Level 1.3 Poison Magic
 - Level 1.2 Evocations


You had 28 spell levels left.
You knew the following spells:

 Your Spells              Type           Power      Damage    Failure   Level
a - Magic Dart            Conj           100%       1d8       0%          1
b - Mephitic Cloud        Conj/Pois/Air  89%        N/A       1%          3
c - Call Imp              Summ           71%        N/A       1%          2
d - Blink                 Tloc           98%        N/A       1%          2
e - Lightning Bolt        Conj/Air       49%        1d70      1%          5
f - Foxfire               Conj/Fire      100%       2x1d9     0%          1
g - Fireball              Conj/Fire      70%        3d26      1%          5
h - Haunt                 Necr/Summ      37%        N/A       36%         7
i - Stone Arrow           Conj/Erth      100%       3d13      1%          3
j - Orb of Destruction    Conj           60%        9d15      1%          7
k - Swiftness             Air            49%        N/A       1%          3

Your spell library contained the following spells:

 Spells                   Type           Power      Damage    Failure   Level
 Lehudib's Crystal Spear  Conj/Erth      49%        10d12     47%         8
 Maxwell's Capacitive Co  Air            24%        ∞         100%        8
 Shatter                  Erth           24%        3d21*     100%        9
 Apportation              Tloc           98%        N/A       1%          1
 Beastly Appendage        Tmut           84%        N/A       1%          1
 Necrotise                Necr           100%       1d9       1%          1
 Sandblast                Erth           98%        2d20      1%          1
 Shock                    Conj/Air       100%       1d9       1%          1
 Slow                     Hex            100%       N/A       1%          1
 Summon Small Mammal      Summ           100%       N/A       1%          1
 Cigotuvi's Dreadful Rot  Necr/Pois/Air  100%       N/A       1%          2
 Passwall                 Tmut/Erth      37%        N/A       1%          2
 Static Discharge         Conj/Air       100%       2-7/arc   1%          2
 Sublimation of Blood     Necr           80%        N/A       1%          2
 Wereblood                Tmut           42%        N/A       1%          2
 Gell's Gravitas          Tloc           49%        N/A       1%          3
 Ignite Poison            Fire/Tmut/Pois 82%        N/A       1%          3
 Inner Flame              Hex/Fire       89%        N/A       1%          3
 Kindle Blastsparks       Fire/Tloc/Air  100%       2d18      1%          3
 Lesser Beckoning         Tloc           98%        N/A       1%          3
 Teleport Other           Tloc           49%        N/A       1%          3
 Vampiric Draining        Necr           80%        2d11      1%          3
 Vhi's Electric Charge    Tloc/Air       98%        N/A       1%          3
 Airstrike                Air            24%        2d(4-20)  1%          4
 Dispel Undead            Necr           80%        3d26      1%          4
 Fulminant Prism          Conj/Hex       48%        3d21      1%          4
 Iskenderun's Mystic Bla  Conj/Tloc      99%        2d19      1%          4
 Sticky Flame             Conj/Fire      100%       2d11      1%          4
 Arcjolt                  Conj/Air       49%        1d59      1%          5
 Starburst                Conj/Fire      70%        6d18      1%          6
 Spider Form              Tmut/Pois      46%        N/A       2%          3
 Summon Lightning Spire   Summ/Air       61%        N/A       2%          4
 Death Channel            Necr           40%        N/A       4%          6
 Lee's Rapid Deconstruct  Erth           24%        3d13*     5%          5
 Cause Fear               Hex            21%        N/A       11%         4
 Ignition                 Fire           55%        3d15      14%         8
 Simulacrum               Ice/Necr       33%        N/A       22%         6
 Malign Gateway           Summ/Tloc      30%        N/A       90%         7
 Summon Horrible Things   Summ           35%        N/A       99%         8
 Discord                  Hex            21%        N/A       100%        8


Dungeon Overview and Level Annotations

Branches:
Dungeon (15/15) Temple (1/1) D:5 Lair (5/5) D:8 Shoals (4/4) Lair:3 Snake (0/4) Lair:2 Slime (0/5) Lair:4 Orc (2/2) D:9 Elf (0/3) Orc:2 Vaults (0/5) D:13 D:14 Depths (0/4) D:15 Sewer (visited) Bailey (visited) IceCv (visited)

Altars:
Cheibriados
Dithmenos
Elyvilon
Gozag
Hepliaklqana
Kikubaaqudgha
Makhleb
Okawaru
Qazlal
Ru
Sif Muna
Trog
Uskayaw
Vehumet
Yredelemnul
Zin
The Shining One

Shops:
D:4 ?(   D:6 :   D:8 *   D:10 *   D:13 :   Orc:2 [![*   Shoals:1 *   Shoals:2 *


Message History

The water swirls and strikes you!!
The alligator snapping turtle is engulfed in a cloud of scalding steam.
The alligator snapping turtle barely misses you.
The faun points at you and mumbles some strange words.
You easily resist.
Unknown command.
Casting: Fireball (safe; 1% risk of failure)
Confirm with . or Enter, or press ? or * to list all spells.
Aiming: Fireball (safe; 1% risk of failure)
Press: ? - help, Shift-Dir - straight line, p - faun You feel a strong surge of power!
The fireball explodes!
The fireball engulfs the alligator snapping turtle!!!
You kill the alligator snapping turtle!
Vehumet accepts your kill.
The fireball engulfs the faun!!
The faun is heavily wounded.
The fireball engulfs the harpy!!
You kill the harpy!
Vehumet accepts your kill.
You feel your power returning.
You hear an angry hiss.
You hear a shout!
You block the faun's attack. The water nymph casts a spell at you.
The water swirls and strikes you!!
* * * LOW HITPOINT WARNING * * *
The faun shoots a sling bullet.
You reflect the sling bullet off your +3 warlock's mirror {reflect}!
The sling bullet hits the faun.
Unknown command.
You feel much better.
The faun points at you and mumbles some strange words.
Your willpower is stripped away!
The satyr plays a frightful melody on his pipes!
The satyr radiates an aura of fear!
You are terrified of the satyr!
Casting: Fireball (safe; 1% risk of failure)
Confirm with . or Enter, or press ? or * to list all spells.
You feel a strong surge of power!
You conjure some foxfire!
The faun hits you with a +0 quarterstaff!!
You die...

~##~~~~~~~##
~~~~≈~~~~~~
≈≈≈≈≈~~~~~##
≈≈≈≈≈~~~~~~
≈≈≈≈≈~~~~~###
≈≈≈≈~~~~..~~##
≈≈≈≈~~~~..~~~##
~~~~~~v@c.~~~~~
~###~~v§cc~~~~~
##~~§c.~~~~.
##§..~~~~~.
#~..~~~~~.
##..~~~~~.
#..m~~~~~
#..~~~H~~
#..~~~~~~


You could see a satyr (scary), 3 fauns, a water nymph and a harpy (wandering).

Vanquished Creatures
  Nikola (Shoals:3)
  Rupert (D:13)
  4 krakens (Shoals:3)
  Gastronok (D:8)
  Kirke (D:12)
  2 orc warlords
  2 blizzard demons (IceCv)
  Snorg (D:12)
  A merfolk impaler (Shoals:2)
  A merfolk javelineer (Shoals:2)
  4 caustic shrike simulacra (IceCv)
  9 hydras
  A rakshasa (D:15)
  An ice dragon (D:15)
  7 merfolk avatars
  3 boulder beetles
  The ghost of Darkkill the Covert, a journeyman GrMo of Trog (Shoals:1)
  Erica (Lair:2)
  A death knight (D:14)
  An alligator snapping turtle (Shoals:4)
  A catoblepas (Lair:5)
  8 centaur warriors
  3 two-headed ogres
  3 satyrs (Shoals:3)
  2 tengu warriors (D:9)
  9 death yaks
  4 orc high priests (Orc:2)
  Urug (D:11)
  Nergalle (Lair:2)
  Sonja (Lair:2)
  4 skeletal warriors (D:13)
  Amaemon (D:10)
  6 sea snakes
  8 spriggan simulacra (IceCv)
  An obsidian statue (IceCv)
  10 orc knights
  A bog body (IceCv)
  A lindwurm (shapeshifter) (D:13)
  A phantasmal warrior (D:14)
  3 deep elf pyromancers (D:14)
  6 orc sorcerers
  15 fauns
  10 harpies
  5 ugly things
  2 wolf spiders (Lair:5)
  4 cyclopes
  10 manticores
  Maurice (Orc:1)
  10 merfolk sirens
  20 elephants
  Joseph (D:7)
  3 water nymphs
  A black mamba (shapeshifter) (D:15)
  3 torpor snails
  4 gargoyles
  16 black mambas
  An orange demon (D:10)
  15 cane toads
  A guardian serpent (Lair:5)
  2 unseen horrors
  A rime drake (Lair:3)
  A tengu conjurer (D:13)
  7 komodo dragons
  3 anaconda simulacra (IceCv)
  3 kobold demonologists
  7 ice devils (IceCv)
  4 freezing wraiths
  8 trolls
  31 merfolk
  A golden dragon simulacrum (IceCv)
  3 hornets
  7 wind drakes
  8 snapping turtles
  4 polar bears
  4 slime creatures (D:12)
  19 dream sheep
  7 blink frogs
  10 wyverns
  3 vampires
  2 water elementals
  A dire elephant simulacrum (IceCv)
  A centaur simulacrum (D:15)
  46 yaks
  6 hogs (D:12)
  2 wraiths (D:9)
  9 vampire mosquitoes
  16 humans
  6 minotaur simulacra (IceCv)
  3 steam dragons
  Edmund (D:5)
  11 wargs
  4 nagas (Lair:2)
  2 harpy simulacra (IceCv)
  Menkaure (D:5)
  33 water moccasins
  An ice beast (D:4)
  52 orc warriors
  An alligator simulacrum (IceCv)
  9 ogres
  4 black bears
  2 phantoms
  14 wolves
  20 centaurs
  11 kobold brigands
  15 bullfrogs
  3 necrophages
  2 gnoll sergeants (D:7)
  3 scorpions
  8 deep troll simulacra (IceCv)
  15 wights
  16 killer bees
  A lindwurm simulacrum (IceCv)
  4 howler monkeys
  2 electric eels (Lair:3)
  3 gnoll boudas
  41 orc priests
  Jessica (D:2)
  3 iguanas
  Ijyb (D:5)
  Terence (D:2)
  29 orc wizards
  8 adders
  29 gnolls
  A shadow imp (D:6)
  An ufetubus (D:4)
  6 worms
  5 dart slugs
  143 orcs
  7 ball pythons
  6 endoplasms
  9 giant cockroaches
  19 goblins
  16 hobgoblins
  2 jackals (D:4)
  11 quokkas
  4 bats
  12 frilled lizards
  25 kobolds
  6 rats
  2 bushes (Lair:2)
  2 tentacles (Shoals:3)
1094 creatures vanquished.

Vanquished Creatures (collateral kills)
  An orc sorcerer (Orc:2)
  Sigmund (D:2)
  A killer bee (D:8)
  5 foxfires
8 creatures vanquished.

Vanquished Creatures (others)
  1211 foxfires
  44 fungi
  186 plants
  19 tentacles (Shoals:3)
1460 creatures vanquished.

Grand Total: 2562 creatures vanquished

Notes
Turn   | Place    | Note
-------+----------+-------------------------------------------
     0 | D:1      | pokeman the Deep Elf Hedge Wizard began the quest for the
                  | Orb.
     0 | D:1      | Reached XP level 1. HP: 10/10 MP: 7/7
   205 | D:1      | Reached XP level 2. HP: 15/15 MP: 2/9
   941 | D:1      | Reached skill level 5 in Spellcasting
  1158 | D:1      | Reached XP level 3. HP: 20/20 MP: 6/11
  1162 | D:1      | Learned a level 3 spell: Mephitic Cloud
  1165 | D:1      | Learned a level 2 spell: Call Imp
  1168 | D:1      | Learned a level 2 spell: Blink
  1666 | D:2      | Noticed Sigmund
  1687 | D:2      | Killed Sigmund
  1688 | D:2      | Reached skill level 1 in Fighting
  1688 | D:2      | Reached skill level 1 in Armour
  1688 | D:2      | Reached skill level 6 in Spellcasting
  1688 | D:2      | Reached XP level 4. HP: 22/25 MP: 2/14
  1688 | D:2      | Reached XP level 5. HP: 25/29 MP: 2/15
  1798 | D:2      | Found a faded altar of an unknown god.
  2011 | D:2      | Noticed Terence
  2040 | D:2      | Killed Terence
  2294 | D:2      | Reached XP level 6. HP: 34/34 MP: 13/17
  2456 | D:2      | Noticed Jessica
  2459 | D:2      | Killed Jessica
  2708 | D:2      | Learned a level 5 spell: Lightning Bolt
  3243 | D:3      | Found a white marble altar of Elyvilon.
  3370 | D:3      | Found an ancient bone altar of Kikubaaqudgha.
  3910 | D:3      | You fall into a shaft and drop 2 floors!
  3910 | D:5      | Entered Level 5 of the Dungeon
  3916 | D:5      | Noticed Edmund
  3940 | D:5      | Killed Edmund
  3941 | D:5      | Reached skill level 7 in Spellcasting
  3941 | D:5      | Reached skill level 1 in Necromancy
  3941 | D:5      | Reached skill level 1 in Air Magic
  4116 | D:5      | Reached XP level 7. HP: 38/38 MP: 13/20
  4250 | D:4      | Reached skill level 1 in Poison Magic
  4250 | D:4      | Reached skill level 1 in Evocations
  4322 | D:4      | Found a glowing drain.
  4327 | Sewer    | Entered a sewer
  4370 | Sewer    | Reached skill level 8 in Spellcasting
  5152 | D:4      | Found Keloixta's Weapon Emporium.
  5580 | D:4      | Reached XP level 8. HP: 41/44 MP: 15/22
  5620 | D:4      | Found Tuischoudd's Magic Scroll Shop.
  5732 | D:4      | Found a bloodstained altar of Trog.
  5735 | D:4      | Found a hazy altar of Hepliaklqana.
  5758 | D:4      | Reached skill level 9 in Spellcasting
  5881 | D:4      | Bought a scroll of magic mapping for 90 gold pieces
  5881 | D:4      | Bought a scroll of noise for 12 gold pieces
  5881 | D:4      | Bought a scroll of identify for 24 gold pieces
  5881 | D:4      | Bought a scroll of teleportation for 36 gold pieces
  6195 | D:3      | Found a burning altar of Makhleb.
  6206 | D:3      | Found an iron altar of Okawaru.
  6213 | D:3      | Found a hide-covered altar of Uskayaw.
  6585 | D:3      | Learned a level 1 spell: Foxfire
  6591 | D:3      | Learned a level 5 spell: Fireball
  6689 | D:5      | Noticed Menkaure
  6701 | D:5      | Killed Menkaure
  6743 | D:5      | Noticed Ijyb
  6761 | D:5      | Killed Ijyb
  6988 | D:5      | Found a basalt altar of Yredelemnul.
  6999 | D:5      | Reached skill level 5 in Conjurations
  7000 | D:5      | Noticed a profane servitor
  7283 | D:5      | Found a glowing golden altar of the Shining One.
  7285 | D:5      | Noticed an angel
  7517 | D:5      | Found a staircase to the Ecumenical Temple.
  7523 | Temple   | Entered the Ecumenical Temple
  7550 | Temple   | Became a worshipper of Vehumet
  7890 | D:6      | Reached skill level 10 in Spellcasting
  8465 | D:6      | Reached XP level 9. HP: 49/49 MP: 20/25
  8588 | D:6      | Reached * piety under Vehumet
  8588 | D:6      | Offered knowledge of Freeze by Vehumet.
  8786 | D:6      | Reached skill level 5 in Necromancy
  8855 | D:6      | Found Qocw's Tremendous Tomes.
  9001 | D:6      | Reached skill level 11 in Spellcasting
  9430 | D:7      | Reached skill level 1 in Fire Magic
  9564 | D:7      | Noticed Joseph
  9583 | D:7      | Killed Joseph
  9805 | D:7      | Reached ** piety under Vehumet
  9818 | D:7      | Reached skill level 12 in Spellcasting
  9977 | D:7      | Offered knowledge of Momentum Strike by Vehumet.
 10720 | D:4      | Bought a scroll of blinking for 90 gold pieces
 10720 | D:4      | Bought a scroll of teleportation for 36 gold pieces
 10783 | D:8      | Found a sacrificial altar of Ru.
 10838 | D:8      | Reached skill level 1 in Ice Magic
 10882 | D:8      | Reached XP level 10. HP: 49/56 MP: 10/28
 10980 | D:8      | Got Wigaem's Exposition on Vile Stones
 10989 | D:8      | Learned a level 7 spell: Haunt
 11053 | D:8      | Found a staircase to the Lair.
 11059 | D:8      | Noticed Gastronok
 11262 | D:8      | Found Fuuliug's Assorted Antiques.
 11269 | D:8      | Bought a scroll labelled WUTAPY CETEMYS for 27 gold pieces
 11269 | D:8      | Bought a scroll labelled HAEGOS KUF for 27 gold pieces
 11442 | D:8      | Offered knowledge of Static Discharge by Vehumet.
 11710 | D:8      | Reached skill level 13 in Spellcasting
 11925 | D:8      | Reached *** piety under Vehumet
 12454 | D:8      | Killed Gastronok
 12576 | D:9      | Reached skill level 5 in Fire Magic
 12601 | D:8      | Reached skill level 14 in Spellcasting
 12722 | D:9      | Found a flagged portal.
 12728 | Bailey   | Entered a bailey
 12819 | Bailey   | Offered knowledge of Kindle Blastsparks by Vehumet.
 13364 | Bailey   | Noticed an orc warlord
 13378 | Bailey   | Reached **** piety under Vehumet
 13419 | Bailey   | Killed an orc warlord
 13420 | Bailey   | Reached XP level 11. HP: 61/61 MP: 17/31
 13616 | D:9      | Offered knowledge of Iskenderun's Battlesphere by Vehumet.
 13759 | D:9      | Found a staircase to the Orcish Mines.
 14089 | D:9      | Noticed a brown ugly thing
 14091 | D:9      | Reached skill level 15 in Spellcasting
 14093 | D:9      | Killed a brown ugly thing
 14094 | D:9      | Reached skill level 5 in Armour
 14388 | D:9      | Reached ***** piety under Vehumet
 14392 | D:9      | Offered knowledge of Yara's Violent Unravelling by Vehumet.
 14607 | D:9      | Noticed a tengu warrior
 14611 | D:9      | Killed a tengu warrior
 14611 | D:9      | Noticed a tengu warrior
 14622 | D:9      | Killed a tengu warrior
 14623 | D:9      | Reached skill level 16 in Spellcasting
 15281 | D:9      | Noticed a four-headed hydra
 15288 | D:9      | Killed a four-headed hydra
 15994 | D:10     | Entered Level 10 of the Dungeon
 16005 | D:10     | Reached XP level 12. HP: 66/66 MP: 20/34
 16136 | D:10     | Identified the +2 leather armour of Sin {rElec rCorr Int-2}
 16405 | D:10     | Reached skill level 10 in Conjurations
 16483 | D:10     | Noticed Amaemon
 16488 | D:10     | Killed Amaemon
 16489 | D:10     | Reached skill level 1 in Shields
 16717 | D:10     | Found Baklyp's Assorted Antiques.
 16720 | D:10     | Bought an ancient bronze amulet for 145 gold pieces
 16720 | D:10     | Identified the amulet of the Sufficient God {RegenMP Contam
                  | rN+ Str+2 Slay+3} (You bought it in a shop on level 10 of
                  | the Dungeon)
 16720 | D:10     | Bought a scroll labelled SENONL RIMNE for 29 gold pieces
 16720 | D:10     | Bought a scroll labelled QITANL ZITOTH for 29 gold pieces
 16833 | D:10     | Found a snail-covered altar of Cheibriados.
 16899 | D:10     | Found a shadowy altar of Dithmenos.
 16984 | D:10     | Found a glowing silver altar of Zin.
 17136 | D:11     | Reached skill level 17 in Spellcasting
 17169 | D:11     | Identified the +8 war axe "Funor" {vorpal, rF- Str+6
                  | Stlth+}
 17219 | D:11     | Noticed Urug
 17222 | D:11     | Killed Urug
 17420 | D:11     | Noticed a boulder beetle
 17426 | D:11     | Noticed a centaur warrior
 17437 | D:11     | Killed a centaur warrior
 17444 | D:11     | Killed a boulder beetle
 17444 | D:11     | Offered knowledge of Flame Wave by Vehumet.
 17760 | D:11     | Noticed a boulder beetle
 17764 | D:11     | Noticed a two-headed ogre
 17767 | D:11     | Killed a boulder beetle
 17769 | D:11     | Killed a two-headed ogre
 18279 | D:12     | Reached skill level 18 in Spellcasting
 18464 | D:12     | Noticed Snorg
 18468 | D:12     | Killed Snorg
 18496 | D:12     | Reached XP level 13. HP: 70/70 MP: 3/37
 18650 | D:12     | Noticed Kirke
 18657 | D:12     | Killed Kirke
 19167 | D:13     | Found Behala's Book Shop.
 19216 | D:13     | Learned a level 3 spell: Stone Arrow
 19712 | D:13     | Reached skill level 1 in Earth Magic
 19712 | D:13     | Noticed Rupert
 19717 | D:13     | Killed Rupert
 20059 | D:13     | Reached skill level 19 in Spellcasting
 20214 | D:13     | Reached skill level 10 in Fire Magic
 20580 | Temple   | Acquired 856 gold pieces
 20779 | D:14     | Found a gate to the Vaults.
 20839 | D:14     | Found a frozen archway.
 20843 | IceCv    | Entered an ice cave
 21039 | IceCv    | Offered knowledge of Ozocubu's Refrigeration by Vehumet.
 21051 | IceCv    | Reached skill level 5 in Shields
 21374 | IceCv    | Reached skill level 20 in Spellcasting
 21447 | IceCv    | Noticed a blizzard demon
 21450 | IceCv    | Noticed a blizzard demon
 21456 | IceCv    | Reached XP level 14. HP: 20/76 MP: 27/40
 21677 | IceCv    | Identified the +0 leather armour of Bacwaloo {Fly}
 21947 | D:14     | Reached skill level 5 in Fighting
 22992 | D:15     | Entered Level 15 of the Dungeon
 23000 | D:14     | Reached skill level 21 in Spellcasting
 23211 | D:15     | Offered knowledge of Eringya's Noxious Bog by Vehumet.
 23638 | D:15     | Found a staircase to the Depths.
 24029 | Lair:1   | Entered Level 1 of the Lair of Beasts
 24913 | Lair:2   | Noticed Sonja
 24953 | Lair:2   | Noticed Erica
 24958 | Lair:2   | Killed Erica
 24960 | Lair:2   | Killed Sonja
 25055 | Lair:2   | Found a staircase to the Snake Pit.
 25444 | Lair:2   | Reached XP level 15. HP: 84/84 MP: 38/42
 25794 | Lair:2   | Noticed Nergalle
 25798 | Lair:2   | Killed Nergalle
 26132 | Lair:3   | Reached skill level 22 in Spellcasting
 26266 | Lair:3   | You fall into a shaft and drop 1 floor!
 26835 | Lair:3   | Offered knowledge of Conjure Ball Lightning by Vehumet.
 26946 | Lair:3   | Found a staircase to the Shoals.
 28092 | Lair:4   | Found a staircase to the Slime Pits.
 28294 | Lair:5   | Entered Level 5 of the Lair of Beasts
 28816 | Lair:5   | Reached skill level 23 in Spellcasting
 28830 | Lair:5   | Reached skill level 5 in Summonings
 28918 | Lair:5   | Found the brooch of Shielding {Spirit SH+8}
 29429 | Lair:5   | Offered knowledge of Spellforged Servitor by Vehumet.
 29447 | Lair:5   | Reached XP level 16. HP: 46/92 MP: 22/45
 30205 | Temple   | Acquired the +3 warlock's mirror {reflect}
 30205 | Temple   | Found the +3 warlock's mirror {reflect}
 30206 | Temple   | Acquired 943 gold pieces
 30329 | Orc:1    | Entered Level 1 of the Orcish Mines
 30365 | Orc:1    | Noticed Maurice
 30368 | Orc:1    | Killed Maurice
 30919 | Orc:2    | Entered Level 2 of the Orcish Mines
 31290 | Orc:2    | Offered knowledge of Orb of Destruction by Vehumet.
 31308 | Orc:2    | Learned a level 7 spell: Orb of Destruction
 31572 | Orc:2    | Found Vetacwoth's Armour Emporium.
 31582 | Orc:2    | Found Kidaofyu's Distillery.
 31588 | Orc:2    | Bought a potion of degeneration for 16 gold pieces
 31588 | Orc:2    | Bought a potion of heal wounds for 80 gold pieces
 31588 | Orc:2    | Bought a potion of heal wounds for 80 gold pieces
 31588 | Orc:2    | Bought a potion of heal wounds for 80 gold pieces
 32312 | Orc:2    | Found a staircase to the Elven Halls.
 32354 | Orc:2    | Reached skill level 24 in Spellcasting
 32607 | Orc:2    | Found Duliteqi's Antique Armour Shop.
 32794 | Orc:2    | Found Noahit's General Store.
 32802 | Orc:2    | Bought a scroll of blinking for 105 gold pieces
 33164 | Shoals:1 | Entered Level 1 of the Shoals
 33177 | Shoals:1 | Reached ****** piety under Vehumet
 33259 | Shoals:1 | Reached skill level 15 in Conjurations
 33383 | Shoals:1 | Learned a level 3 spell: Swiftness
 33471 | Shoals:1 | Found a large runed translucent door.
 33471 | Shoals:1 | Found a large runed translucent door.
 33505 | Shoals:1 | Offered knowledge of Lehudib's Crystal Spear by Vehumet.
 33505 | Shoals:1 | Offered knowledge of Shatter by Vehumet.
 33505 | Shoals:1 | Offered knowledge of Maxwell's Capacitive Coupling by
                  | Vehumet.
 33507 | Shoals:1 | Noticed Darkkill's ghost (journeyman GrMo)
 33657 | Shoals:1 | Found Zewoger's Gadget Gallery.
 34050 | Shoals:1 | Killed Darkkill's ghost
 34076 | Shoals:1 | Got the Compilation of Darkness
 34590 | Shoals:2 | Found Butooqon's Assorted Antiques.
 34956 | Shoals:3 | Reached XP level 17. HP: 96/96 MP: 37/47
 34957 | Shoals:3 | Reached skill level 25 in Spellcasting
 35100 | Shoals:3 | Noticed a kraken
 35105 | Shoals:3 | Killed a kraken
 35417 | Shoals:3 | Identified the +1 pair of gloves "Etaoska" {rCorr Str-4
                  | Int+5}
 35417 | Shoals:3 | Noticed Nikola
 35424 | Shoals:3 | Killed Nikola
 35705 | Shoals:3 | Noticed a kraken
 35708 | Shoals:3 | Killed a kraken
 35708 | Shoals:3 | Noticed a kraken
 35714 | Shoals:3 | Killed a kraken
 35804 | Shoals:3 | Noticed a kraken
 35813 | Shoals:3 | Killed a kraken
 36010 | Shoals:4 | Entered Level 4 of the Shoals
 36182 | Shoals:4 | Slain by a faun

Illustrated notes

Levels and vault maps discovered:
D:1:      saegor_arrival_under_anarchy, layout_basic, serial_forest,
          infiniplex_forest_lined_corner, infiniplex_forest_clump_long,
          infiniplex_forest_clump_long, infiniplex_forest_clump_cross,
          infiniplex_forest_straight_3, infiniplex_forest_clump_medium
D:2:      layout_basic, ebering_ecumenical_altar_box, nicolae_wormholes,
          uniq_jessica, uniq_terence, uniq_sigmund
D:3:      layout_loops_corners, elyvilon_altar_1, lightli_temple_of_fire,
          mainiacjoe_overflow_small_starburst, minitemple,
          minmay_misc_feat_cross, moated_statue
D:4:      layout_basic, nicolae_overflow_squiral, serial_shops,
          nicolae_shop_advertising_works [nicolae_subvault_shop_adworks],
          gup_sewer_entry_bowl, kennysheep_windowed_goal
D:5:      layout_loops_corners, grunt_temple_overflow_holy_war,
          minmay_temple_entry_enclosed_plants, hangedman_abyss_or_decor_slice,
          hex_large, minmay_misc_feat_tiny, serial_bayou_pond_c,
          grunt_decor_clamped, uniq_ijyb, uniq_edmund, uniq_menkaure
D:6:      layout_cave_pods, nicolae_shop_i_like_big_books, nicolae_titane
D:7:      layout_basic, uniq_joseph
D:8:      layout_gridville, mainiacjoe_overflow_cross_hatched,
          david_lair_shrubbed, serial_shops, shop, uniq_gastronok
D:9:      nzn_winding_woodlands_stair_cross [nzn_winding_woodlands_5x15_crooked,
          nzn_winding_woodlands_center_lodge, nzn_winding_woodlands_5x15_parted,
          nzn_winding_woodlands_5x5_cross, nzn_winding_woodlands_5x5_open_star,
          nzn_winding_woodlands_5x15_twine, nzn_winding_woodlands_center_garden,
          nzn_winding_woodlands_5x15_sidewinder], layout_small_grid,
          hiddenorc2_lemuel, enter_bailey_3, corexii_hall_statues_t
D:10:     layout_irregular_city, nicolae_dithmenos_through_a_glass_darkly,
          nicolae_overflow_hidden_temple, zin_statuary, serial_shops,
          kennysheep_mini, uniq_amaemon
D:11:     layout_basic, uniq_urug
D:12:     layout_cave_pods, serial_rivers, chequers_serial_rivers_marsh,
          chequers_serial_rivers_large_b, chequers_serial_rivers_large_a,
          chequers_serial_rivers_small_b, uniq_kirke, uniq_snorg
D:13:     minmay_goldmine, layout_loops_cross, serial_shops, shop, uniq_rupert
D:14:     layout_basic, david_vaults_3, eino_curves_03,
          portal_ice_cave_entry_pillars_2, serial_bayou_pond_a
D:15:     grunt_enter_depths_hoard, layout_basic, minmay_misc_feat_room
Temple:   hellmonk_temple_forest_ring
Lair:1:   layout_hall_layers, st_stairs_3, grunt_megastairs_5,
          lemuel_fruit_tree, lemuel_fruit_fields, serial_bayou_shore_b
Lair:2:   layout_small_grid, minmay_snake_entry_guardpost_small,
          nicolae_lair_grazing_beasts [nicolae_sub_lair_graze_edge,
          nicolae_sub_lair_graze_edge, nicolae_sub_lair_graze_edge,
          nicolae_sub_lair_graze_edge], grunt_megastairs_3, uniq_nergalle,
          uniq_erica, uniq_sonja
Lair:3:   layout_cellular_growth, minmay_shoals_entry_beasts,
          forest_entry_grove, serial_bayou_shore_a, lemuel_fruit_fields,
          grunt_megastairs_2
Lair:4:   layout_regular_city, dpeg_slime_entry_enclosed, grunt_megastairs_4,
          lemuel_fruit_fields
Lair:5:   hangedman_lair_tendril_chambers, layout_cave_pods
Shoals:1: layout_shoals, ebering_ghost_disaster_area, nicolae_shop_gadgets
Shoals:2: layout_shoals, serial_shops, shop
Shoals:3: nicolae_shoals_lighthouse, layout_shoals, uniq_nikola
Shoals:4: shoals_end_grunt_ice, layout_shoals
Orc:1:    cheibrodos_orc_arena, layout_diamond_mine, uniq_maurice
Orc:2:    pubby_orc_utopia

Skill      XL: |  1  2  3  4  5  6  7  8  9 10 11 12 13 14 15 16 17 |
---------------+----------------------------------------------------+-----
Spellcasting   | 5 6 7 8 10 12 14 16 18 20 21 23 24 25 | 25.6
Fighting       | 1 2 3 4 6 7 |  7.6
Armour         | 1 2 3 4 5 6 9 |  9.0
Conjurations   | 2 3 4 5 7 8 9 11 12 13 14 15 | 15.9
Stealth        | 3 |  3.0
Dodging        | 3 |  3.0
Necromancy     | 1 2 4 5 8 9 |  9.0
Air Magic      | 1 |  1.1
Poison Magic   | 1 |  1.3
Evocations     | 1 |  1.2
Fire Magic     | 3 5 7 9 10 12 | 12.0
Ice Magic      | 1 |  1.0
Shields        | 3 5 |  5.0
Earth Magic    | 1 |  1.0
Summonings     | 5 6 |  6.3
Translocations | |  1.1

Action                   |  1- 3 |  4- 6 |  7- 9 | 10-12 | 13-15 | 16-18 || total
-------------------------+-------+-------+-------+-------+-------+-------++-------
Melee: Dagger            |     4 |       |       |       |       |       ||     4
       Staff             |       |    12 |     8 |    39 |    11 |    12 ||    82
       Whip              |       |     5 |       |       |       |       ||     5
       Flail             |       |       |    13 |    27 |       |       ||    40
 Fire: Shortbow          |       |       |       |     1 |       |       ||     1
 Cast: Magic Dart        |    74 |   113 |   139 |     5 |       |       ||   331
       Mephitic Cloud    |     2 |     3 |    12 |    34 |     6 |     2 ||    59
       Call Imp          |     1 |     2 |     1 |     1 |     2 |     3 ||    10
       Foxfire           |       |       |   257 |   347 |    10 |    71 ||   685
       Fireball          |       |       |     7 |   136 |   494 |   373 ||  1010
       Blink             |       |       |     1 |     2 |     6 |     1 ||    10
       Lightning Bolt    |       |       |       |     2 |     9 |     6 ||    17
       Stone Arrow       |       |       |       |       |    20 |       ||    20
Evoke: Wand              |       |       |       |     6 |       |       ||     6
  Use: Scroll            |       |       |    12 |     5 |    11 |     2 ||    30
       Potion            |       |       |       |       |     1 |     1 ||     2
 Stab: Confused          |       |     3 |     1 |     1 |       |       ||     5
       Paralysed         |       |       |       |     9 |       |       ||     9
Armor: Robe              |     2 |       |       |       |       |       ||     2
       Leather armour    |       |     1 |    21 |    34 |    28 |    26 ||   110
Dodge: Dodged            |     6 |    14 |    50 |    91 |    44 |    39 ||   244
Block: Buckler           |       |       |       |       |    13 |    60 ||    73
       Reflection        |       |       |       |       |       |    21 ||    21

Table legend: (Time is in decaauts)
 A = Elapsed time spent in this place.
 B = Non-inter-level travel time spent in this place.
 C = Inter-level travel time spent in this place.
 D = Time resting spent in this place.
 E = Time spent auto-exploring this place.
 F = Levels seen in this place.
 G = Mean time per level.
                   A        B        C        D        E       F      G
               +--------+--------+--------+--------+--------+-----+--------+
         Total |  36658 |  33908 |   2750 |   3116 |  25418 |  30 | 1221.9 |
       Dungeon |  21494 |  19288 |   2206 |   1729 |  14805 |  15 | 1432.9 |
        Temple |    307 |    293 |     14 |    123 |     18 |   1 |  307.0 |
          Lair |   6206 |   5842 |    364 |    525 |   4499 |   5 | 1241.2 |
        Shoals |   3236 |   3160 |     76 |    254 |   2489 |   4 |  809.0 |
  Orcish Mines |   2624 |   2535 |     89 |     35 |   1964 |   2 | 1312.0 |
         Sewer |    810 |    810 |      0 |      0 |    705 |   1 |  810.0 |
        Bailey |    889 |    889 |      0 |    167 |    379 |   1 |  889.0 |
      Ice Cave |   1090 |   1090 |      0 |    283 |    556 |   1 | 1090.0 |
               +--------+--------+--------+--------+--------+-----+--------+

Top non-repeatable levels by time:
     D:9: 2460 daAuts
   Orc:2: 2012 daAuts
     D:8: 1809 daAuts
  Lair:5: 1733 daAuts
     D:6: 1723 daAuts
     D:5: 1693 daAuts
    D:13: 1656 daAuts
     D:1: 1644 daAuts
     D:7: 1615 daAuts
    D:12: 1540 daAuts
     D:3: 1468 daAuts
     D:2: 1352 daAuts
  Lair:3: 1351 daAuts
Shoals:3: 1296 daAuts
    D:10: 1112 daAuts
